 Dungeon Sprint DCSS version 0.18-a0-1303-g41c131c (webtiles) character file.

432 pipel the Zephyrmancer (level 7, -1/38 HPs)
             Began as a Tengu Air Elementalist on Feb 12, 2016.
             Was a Follower of Vehumet.
             Slain by a phantom (10 damage)
             ... in the Dungeon (Sprint IX: "|||||||||||||||||||||||||||||").
             The game lasted 00:02:51 (199 turns).

pipel the Zephyrmancer (Tengu Air Elementalist)      Turns: 199, Time: 00:02:51

Health: -1/38      AC:  3    Str:  8    XL:     7   Next: 0%
Magic:  4/18       EV: 18    Int: 16    God:    Vehumet [*.....]
Gold:   0          SH:  0    Dex: 22    Spells: 4 memorised, 8 levels left

rFire  . . .     SeeInvis .     o - staff of energy
rCold  . . .     Gourm    .     a - +0 robe
rNeg   . . .     Faith    .     (no shield)
rPois  .         Spirit   .     (helmet restricted)
rElec  .         Dismiss  .     (no cloak)
rCorr  .         Reflect  .     q - +0 pair of gloves
SustAt .         Harm     .     (boots unavailable)
MR     .....     NoTele   +     (no amulet)
Stlth  +++.......               t - +3 ring of dexterity
                                s - +3 ring of dexterity

@: repel missiles, not resistant to hostile enchantments, fairly stealthy
A: beak, talons 3, able to fly 1
a: Fly, Renounce Religion


You were in the Dungeon.
You worshipped Vehumet.
Vehumet was aware of your devotion.
You were not hungry.

You visited 1 branch

Inventory:

Hand Weapons
 j - a +0 club
 p - a +2 rapier of draining
Armour
 a - a +0 robe (worn)
 q - a +0 pair of gloves (worn)
 r - a +0 helmet
Magical Staves
 o - an uncursed staff of energy (weapon)
Jewellery
 s - a +3 ring of dexterity (left hand)
 t - a +3 ring of dexterity (right hand)
Wands
 n - a wand of acid (6/15)
Scrolls
 i - 2 scrolls of blinking
 l - 3 scrolls of remove curse
 m - 2 scrolls of amnesia
Potions
 d - 4 potions of curing
 e - 2 potions of heal wounds
 f - a potion of haste
 g - 4 potions of magic
 k - a potion of invisibility
Books
 b - a book of Air

   Spells                             Type                      Level
   a - Shock                          Conjuration/Air              1
   b - Swiftness                      Charms/Air                   2
   c - Repel Missiles                 Charms/Air                   2
   d - Static Discharge               Conjuration/Air              3
   e - Lightning Bolt                 Conjuration/Air              5
Comestibles
 c - a bread ration
 h - 6 chunks of flesh


   Skills:
 + Level 1.1 Fighting
 + Level 6.5 Dodging
 + Level 4.6 Stealth
 - Level 0.7 Unarmed Combat
 + Level 6.7 Spellcasting
 + Level 4.3 Conjurations
 + Level 0.4 Charms
 + Level 12.9 Air Magic


You had 8 spell levels left.
You knew the following spells:

 Your Spells              Type           Power        Failure   Level  Hunger
a - Shock                 Conj/Air       ####         1%          1    None
b - Lightning Bolt        Conj/Air       ####......   12%         5    None
c - Repel Missiles        Chrm/Air       ####..       1%          2    None
d - Static Discharge      Conj/Air       ####....     1%          3    None


Dungeon Overview and Level Annotations

Branches:
Dungeon (1/1)

Altars:
Cheibriados
Dithmenos
Elyvilon
Fedhas
Gozag
Kikubaaqudgha
Makhleb
Nemelex Xobeh
Okawaru
Pakellas
Qazlal
Ru
Sif Muna
Trog
Vehumet
Xom
Yredelemnul
Zin
The Shining One
Beogh
Jiyva
Lugonu


Innate Abilities, Weirdness & Mutations

You have a beak for a mouth.
You have claws for feet.
You can fly.


Message History

Unknown command.
Nothing appears to happen.
The phantom hits you.
* * * LOW HITPOINT WARNING * * *
You take 3 damage, and have 2/38 hp.
Drink which item? (? for menu, Esc to quit)
You feel much better. The phantom closely misses you.
You regained 13 hp, and now have 15/38 hp.
Casting: Static Discharge
Confirm with . or Enter, or press ? or * to list all spells.
The phantom is struck by lightning.
The phantom is severely damaged.
The lightning arcs!
You are struck by lightning.
The lightning grounds out.
The phantom hits you.
* * * LOW HITPOINT WARNING * * *
You take 6 damage, and have 9/38 hp.
You now have 1/18 mp.
You channel some magical energy.
You feel slightly more hungry. The phantom closely misses you.
You regained 3 mp, and now have 4/18 mp.
Nothing appears to happen.
The phantom hits you!
You die... ▓▓▓▓▓▓▓▓▓▓▓▓▓▓▓▓▓▓▓▓▓▓▓▓ .....)†@W[..)...'_______ ▓▓▓▓▓▓▓▓▓▓▓▓▓▓▓▓▓▓▓▓▓▓▓▓

You could see a phantom.

Vanquished Creatures
  An ice beast (D)
  An ogre (D)
  2 big kobolds (D)
  A scorpion (D)
  A killer bee (D)
  2 adders (D)
  A shadow imp (D)
  An ooze (D)
  An adder skeleton (D)
  A goblin (D)
  2 hobgoblins (D)
  A kobold (D)
15 creatures vanquished.

Notes
Turn   | Place    | Note
--------------------------------------------------------------
     0 | D        | pipel the Tengu Air Elementalist began the quest for the Orb.
     0 | D        | Reached XP level 1. HP: 10/10 MP: 4/4
     5 | D        | Reached skill level 5 in Air Magic
    10 | D        | Reached XP level 2. HP: 15/15 MP: 0/6
    65 | D        | Noticed an ogre
    65 | D        | Noticed an ice beast
    68 | D        | Reached skill level 6 in Air Magic
    70 | D        | Reached XP level 3. HP: 19/19 MP: 1/8
    73 | D        | Killed an ice beast
    73 | D        | Reached skill level 9 in Air Magic
    73 | D        | Reached XP level 4. HP: 16/24 MP: 1/11
    76 | D        | Killed an ogre
    76 | D        | Reached skill level 5 in Dodging
    76 | D        | Reached skill level 5 in Spellcasting
    76 | D        | Reached skill level 11 in Air Magic
    76 | D        | Gained mutation: You can fly. [Tengu growth]
    76 | D        | Reached XP level 5. HP: 18/28 MP: 2/13
    87 | D        | Found a glowing silver altar of Zin.
    87 | D        | Found a glowing golden altar of the Shining One.
    87 | D        | Found an ancient bone altar of Kikubaaqudgha.
    87 | D        | Found a basalt altar of Yredelemnul.
    87 | D        | Found a shimmering altar of Xom.
    87 | D        | Found a radiant altar of Vehumet.
    88 | D        | Found an iron altar of Okawaru.
    89 | D        | Found a burning altar of Makhleb.
    90 | D        | Found a deep blue altar of Sif Muna.
    91 | D        | Found a bloodstained altar of Trog.
    92 | D        | Found a sparkling altar of Nemelex Xobeh.
    93 | D        | Found a white marble altar of Elyvilon.
    94 | D        | Found a roughly hewn altar of Beogh.
    95 | D        | Became a worshipper of Vehumet
    96 | D        | Found a viscous altar of Jiyva.
    97 | D        | Found a corrupted altar of Lugonu.
    98 | D        | Found a blossoming altar of Fedhas.
    99 | D        | Found a snail-covered altar of Cheibriados.
   100 | D        | Found a shadowy altar of Dithmenos.
   101 | D        | Found a stormy altar of Qazlal.
   102 | D        | Found an opulent altar of Gozag.
   103 | D        | Found a sacrificial altar of Ru.
   104 | D        | Found an oddly glowing altar of Pakellas.
   146 | D        | Learned a level 5 spell: Lightning Bolt
   149 | D        | Learned a level 2 spell: Repel Missiles
   154 | D        | Learned a level 3 spell: Static Discharge
   163 | D        | Noticed a big kobold
   163 | D        | Noticed a big kobold
   163 | D        | Noticed a phantom
   168 | D        | Killed a big kobold
   168 | D        | Reached XP level 6. HP: 24/33 MP: 8/15
   170 | D        | Reached * piety under Vehumet
   170 | D        | Offered knowledge of Magic Dart by Vehumet.
   170 | D        | Reached skill level 1 in Fighting
   170 | D        | Reached skill level 12 in Air Magic
   180 | D        | Reached XP level 7. HP: 12/38 MP: 1/18
   199 | D        | Slain by a phantom

Vault maps used:
D:        linesprint

Action                   |  1- 3 |  4- 6 |  7- 9 || total
-------------------------+-------+-------+-------++-------
Melee: Unarmed           |     4 |     4 |       ||     8
 Cast: Shock             |     8 |     9 |       ||    17
       Repel Missiles    |       |     1 |       ||     1
       Lightning Bolt    |       |     1 |       ||     1
       Static Discharge  |       |       |     3 ||     3
Evoke: Staff of energy   |       |     1 |     4 ||     5
       Wand              |       |       |     1 ||     1
  Use: Potion            |     1 |     1 |     1 ||     3
